 Dungeon Crawl Stone Soup version 0.23-a0-358-g98c7a59 (webtiles) character file.

16665 galech the Cleaver (level 12, -8/94 HPs)
             Began as a Demonspawn Fighter on Oct 22, 2018.
             Was a High Priest of Okawaru.
             Mangled by an orc warrior
             ... wielding a +0 scimitar
              (9 damage)
             ... on level 2 of the Orcish Mines.
             The game lasted 00:22:58 (14679 turns).

galech the Cleaver (Demonspawn Fighter)            Turns: 14679, Time: 00:23:00

Health: -8/94      AC: 19    Str: 19    XL:     12   Next: 12%
Magic:  0/14       EV:  6    Int:  9    God:    Okawaru [*****.]
Gold:   351        SH: 12    Dex: 16    Spells: 11/11 levels left

rFire    + + .     SeeInvis .   T - +4 hand axe (flame)
rCold    + . .     Gourm    +   c - +0 shield
rNeg     . . .     Faith    .   j - +0 plate armour
rPois    .         Spirit   +   (helmet restricted)
rElec    .         Reflect  .   I - scarf {rC+ rF+}
rCorr    .         Harm     .   e - +0 pair of gloves
MR       .....                  Q - +1 pair of boots {Fly}
Stlth    ..........             v - amulet of the gourmand
HPRegen  1.25/turn              E - +2 ring of protection
MPRegen  0.14/turn              O - ring of protection from fire

@: about to teleport
A: horns 1, talons 1, high mp 1, powered by death 2, magic shield
a: Heroism, Finesse, Renounce Religion, Evoke Flight


You were on level 2 of the Orcish Mines.
You worshipped Okawaru.
Okawaru was extremely pleased with you.
You were very full.

You visited 3 branches of the dungeon, and saw 14 of its levels.

You collected 791 gold pieces.
You spent 440 gold pieces at shops.

Inventory:

Hand Weapons
 a - a +1 war axe
 T - a +4 hand axe of flaming (weapon)
Armour
 c - a +0 shield (worn)
 e - a +0 pair of gloves (worn)
 j - a +0 plate armour (worn)
 l - a +0 helmet
 n - a scarf of cloud immunity
 I - a scarf of resistance (worn)
 M - a +0 ring mail of fire resistance
 Q - a +1 pair of boots of flying (worn)
 S - +0 fire dragon scales
Jewellery
 v - an amulet of the gourmand (around neck)
 E - a +2 ring of protection (left hand)
 J - an uncursed ring of protection from magic
 O - a ring of protection from fire (right hand)
Wands
 q - a wand of random effects (12)
 r - a wand of digging (7)
 t - a wand of paralysis (17)
 w - a wand of polymorph (9)
 z - a wand of flame (31)
 C - a wand of iceblast (7)
 G - a wand of disintegration (12)
Scrolls
 b - 2 scrolls of enchant armour {unknown}
 h - 2 scrolls of magic mapping
 i - 5 scrolls of teleportation
 k - a scroll of fog
 o - 2 scrolls of random uselessness
 s - a scroll of amnesia
 x - a scroll of immolation
 y - 3 scrolls of remove curse
 A - a scroll of vulnerability
 D - a scroll of brand weapon
 H - 2 scrolls of fear
 P - a scroll of blinking {unknown}
 U - a scroll of identify
Potions
 d - 4 potions of brilliance
 g - 3 potions of degeneration
 m - 2 potions of haste
 p - 4 potions of heal wounds
 u - a potion of flight
 B - a potion of agility
 F - a potion of might
 K - 2 potions of berserk rage
 N - 4 potions of curing
Miscellaneous
 L - a lightning rod (4/4)
Comestibles
 f - 20 rations
 R - 17 chunks of flesh


   Skills:
 + Level 8.3 Fighting
 + Level 11.8 Axes
 + Level 8.5 Armour
 + Level 2.1 Dodging
 + Level 1.1 Stealth
 + Level 9.1 Shields
 + Level 1.9 Invocations


You had 11 spell levels left.
You didn't know any spells.
Your spell library contained the following spells:

 Spells                   Type           Power        Failure   Level  Hunger
 Animate Skeleton         Necr           N/A          100%        1    ##.....
 Apportation              Tloc           #.....       100%        1    ##.....
 Confusing Touch          Hex            #.....       100%        1    ##.....
 Flame Tongue             Conj/Fire      #....        100%        1    ##.....
 Sting                    Conj/Pois      #...         100%        1    ##.....
 Summon Small Mammal      Summ           #...         100%        1    ##.....
 Poisonous Vapours        Pois/Air       #.....       100%        2    ###....
 Sublimation of Blood     Necr           #.........   100%        2    ###....
 Throw Flame              Conj/Fire      #.....       100%        2    ###....
 Conjure Flame            Conj/Fire      #.......     100%        3    ####...
 Ignite Poison            Fire/Tmut/Pois #.......     100%        3    ####...
 Inner Flame              Hex/Fire       #.......     100%        3    ####...
 Mephitic Cloud           Conj/Pois/Air  #.......     100%        3    ####...
 Regeneration             Chrm/Necr      #.........   100%        3    ####...
 Olgreb's Toxic Radiance  Pois           #.......     100%        4    #####..
 Sticky Flame             Conj/Fire      #.......     100%        4    #####..
 Fireball                 Conj/Fire      #.........   100%        5    ######.
 Venom Bolt               Conj/Pois      #.........   100%        5    ######.
 Simulacrum               Ice/Necr       #.........   100%        6    #######


Dungeon Overview and Level Annotations

Branches:
Dungeon (11/15)            Temple (1/1) D:5            Lair (0/6) D:10
    Orc (2/2) D:11
    Elf: Orc:2

Altars:
Ashenzari
Cheibriados
Dithmenos
Fedhas
Gozag
Kikubaaqudgha
Makhleb
Okawaru
Qazlal
Ru
Sif Muna
Trog
Uskayaw
Vehumet
Wu Jian
Xom
Yredelemnul
Zin
The Shining One
Beogh

Shops:
D:10 =   Orc:1 !=%*(

Annotations:
D:10 exclusion: oklob plant
Orc:2 Saint Roka


Innate Abilities, Weirdness & Mutations

You have sharp toenails.
You regenerate health from kills.
When hurt, damage is shared between your health and your magic reserves.
You have a pair of small horns on your head.
You have an increased reservoir of magic. (+10% MP)


Message History

You hit the orc warrior but do no damage.
You block the orc warrior's attack.
An orc sorcerer comes into view. It is wielding a +0 dagger.
The orc knight hits you with a +1 halberd!!
The orc warrior hits you with a +0 scimitar!!
You hit the orc knight. You burn the orc knight.
The orc knight is moderately wounded.
You barely miss the orc warrior.
Saint Roka calls down the wrath of Beogh upon you.
Beogh smites you!
The orc warrior hits you from afar with a +0 halberd!
* * * LOW HITPOINT WARNING * * *
You hear a shout!
As you read the scroll of teleportation, it crumbles to dust.
You feel strangely unstable.
An orc wizard comes into view. It is wielding a +0 dagger.
The orc knight hits you with a +1 halberd!!
* * * LOW HITPOINT WARNING * * *
The orc warrior hits you with a +0 scimitar!
You die...

...............
......_.o......
.......ooo....
.............
##.........#
#...o......
#...o.# #.....#
#..o@)# #8..o8#
... #....)# ##..
##..).## ##...
##.$..# #...
###...####..#
#.#)....#...#
###)))...###..##
###..
#...))...###...#
.....


You could see Saint Roka, an orc knight, an orc sorcerer, 3 orc warriors, an orc
wizard and an orc.

Vanquished Creatures
  A fire dragon (D:11)
  Harold (D:10)
  2 orc high priests
  2 orc knights (Orc:2)
  2 orc sorcerers (Orc:2)
  A cyclops (D:11)
  An ugly thing (D:11)
  Psyche (D:11)
  2 kobold demonologists (D:11)
  3 trolls
  A queen bee (D:11)
  Grinder (D:5)
  A hornet (D:11)
  3 hippogriffs
  A wraith (D:11)
  Sigmund (D:3)
  Eustachio (D:4)
  A hungry ghost (D:7)
  5 wargs
  A water moccasin (D:11)
  14 orc warriors
  4 ice beasts
  A black bear (D:10)
  3 sky beasts
  14 ogres
  2 phantoms
  2 centaurs
  4 big kobolds
  4 bullfrogs
  A wyvern skeleton (D:11)
  3 scorpions
  A water moccasin skeleton (D:8)
  18 killer bees
  3 howler monkeys
  7 wights
  5 crimson imps
  5 hounds
  2 centaur skeletons
  7 orc priests
  Crazy Yiuf (D:4)
  3 jellies
  23 orc wizards
  Ijyb (D:3)
  3 iguanas
  10 worker ants
  A hound zombie (D:4)
  Robin (D:2)
  2 worker ant zombies
  10 adders
  4 gnolls (D:6)
  3 shadow imps
  An adder zombie (D:6)
  2 worms (D:2)
  A dart slug (D:1)
  7 leopard geckos
  44 orcs
  8 bats
  5 giant cockroaches
  12 hobgoblins
  4 jackals (D:6)
  14 kobolds
  7 quokkas
  A ball python (D:5)
  A ball python skeleton (D:4)
  2 frilled lizards (D:2)
  17 goblins
  A goblin skeleton (D:4)
  A goblin zombie (D:4)
  4 hobgoblin zombies (D:4)
  3 kobold skeletons (D:4)
  A leopard gecko skeleton (D:6)
  An orc zombie (D:4)
  9 rats
340 creatures vanquished.

Vanquished Creatures (others)
  An orc warrior (Orc:1)
  An orc (Orc:1)
2 creatures vanquished.

Grand Total: 342 creatures vanquished

Notes
Turn   | Place    | Note
-------+----------+-------------------------------------------
     0 | D:1      | galech the Demonspawn Fighter began the quest for the Orb.
     0 | D:1      | Reached XP level 1. HP: 18/18 MP: 1/1
   419 | D:1      | Gained mutation: You regenerate a little health from kills.
                  | [demonic ancestry]
   419 | D:1      | Reached XP level 2. HP: 24/24 MP: 2/2
  1120 | D:2      | Reached skill level 2 in Axes
  1424 | D:2      | Reached XP level 3. HP: 29/29 MP: 3/3
  1787 | D:2      | Noticed Robin
  1860 | D:2      | Killed Robin
  1860 | D:2      | Reached XP level 4. HP: 35/35 MP: 4/4
  2496 | D:3      | Noticed Ijyb
  2508 | D:3      | Killed Ijyb
  2578 | D:3      | Reached skill level 3 in Axes
  2578 | D:3      | Reached XP level 5. HP: 41/41 MP: 5/5
  2725 | D:3      | Noticed Sigmund
  2733 | D:3      | Gained mutation: Scrolls take you a little longer to read.
                  | [potion of mutation]
  2733 | D:3      | Gained mutation: You are weak. (Str -2) [potion of
                  | mutation]
  2733 | D:3      | Lost mutation: You are weak. (Str -2) [potion of mutation]
  3017 | D:3      | Killed Sigmund
  3017 | D:3      | Reached XP level 6. HP: 24/48 MP: 6/6
  3589 | D:4      | Found a glowing golden altar of the Shining One.
  3679 | D:4      | Reached skill level 4 in Axes
  3753 | D:5      | Entered Level 5 of the Dungeon
  4008 | D:5      | Reached XP level 7. HP: 31/54 MP: 7/7
  4222 | D:5      | Noticed Grinder
  4230 | D:5      | Paralysed by Grinder for 2 turns
  4268 | D:5      | Killed Grinder
  4268 | D:5      | Reached skill level 5 in Axes
  4410 | D:5      | Reached skill level 5 in Shields
  4606 | D:5      | Found a staircase to the Ecumenical Temple.
  4695 | Temple   | Entered the Ecumenical Temple
  4784 | Temple   | Became a worshipper of Warmaster Okawaru
  5068 | D:4      | Gained mutation: You regenerate health from kills. [demonic
                  | ancestry]
  5068 | D:4      | Reached XP level 8. HP: 25/61 MP: 8/8
  5262 | D:4      | Noticed Eustachio
  5309 | D:4      | Found a shattered altar of Ashenzari.
  5552 | D:4      | Reached skill level 6 in Axes
  5659 | D:4      | Killed Eustachio
  5659 | D:4      | Reached * piety under Okawaru
  6066 | D:4      | Reached skill level 5 in Fighting
  6077 | D:4      | Found a runed door.
  6163 | D:4      | Noticed Crazy Yiuf
  6170 | D:4      | Killed Crazy Yiuf
  6934 | D:6      | Reached skill level 7 in Axes
  7373 | D:6      | Reached skill level 5 in Armour
  7638 | D:7      | Lost mutation: Scrolls take you a little longer to read.
                  | [potion of mutation]
  7638 | D:7      | Gained mutation: You have an increased reservoir of magic.
                  | (+10% MP) [potion of mutation]
  7638 | D:7      | Gained mutation: You have a pair of small horns on your
                  | head. [potion of mutation]
  7748 | D:6      | Reached ** piety under Okawaru
  7862 | D:7      | Gained mutation: You have sharp toenails. [demonic
                  | ancestry]
  7862 | D:7      | Reached XP level 9. HP: 68/68 MP: 9/9
  8725 | D:8      | Reached skill level 8 in Axes
  8751 | D:8      | Identified the Guide on Burning Dark Arts
  8779 | D:8      | Reached *** piety under Okawaru
  8804 | D:8      | Reached skill level 1 in Dodging
  8940 | D:8      | Found a glowing silver altar of Zin.
  9147 | D:8      | Reached XP level 10. HP: 76/76 MP: 11/11
  9675 | D:9      | Reached skill level 9 in Axes
  9705 | D:9      | Found a bloodstained altar of Trog.
  9802 | D:9      | Reached **** piety under Okawaru
 10029 | D:10     | Entered Level 10 of the Dungeon
 10040 | D:10     | Noticed an oklob plant
 10127 | D:10     | Noticed Harold
 10151 | D:10     | Killed Harold
 10581 | D:10     | Found Domae's Jewellery Shop.
 10931 | D:10     | Found a staircase to the Lair.
 11158 | D:11     | Noticed a soul eater
 11164 | D:11     | Reached ***** piety under Okawaru
 11164 | D:11     | Reached skill level 10 in Axes
 11355 | D:11     | Noticed a cyclops
 11364 | D:11     | Killed a cyclops
 11398 | D:11     | Noticed Psyche
 11409 | D:11     | Killed Psyche
 11409 | D:11     | Reached XP level 11. HP: 84/84 MP: 9/12
 11434 | D:11     | Found a staircase to the Orcish Mines.
 11467 | D:11     | Reached skill level 1 in Invocations
 12073 | D:11     | Noticed a green ugly thing
 12091 | D:11     | Killed a green ugly thing
 12091 | D:11     | Received a gift from Okawaru
 13124 | D:11     | Noticed a fire dragon
 13165 | D:11     | Killed a fire dragon
 13566 | Orc:1    | Entered Level 1 of the Orcish Mines
 13566 | Orc:1    | Found Moleikak's Distillery.
 13575 | Orc:1    | Reached skill level 1 in Stealth
 13587 | Orc:1    | Reached skill level 11 in Axes
 13613 | Orc:1    | Noticed an orc high priest
 13625 | Orc:1    | Found Foutok's Jewellery Boutique.
 13636 | Orc:1    | Killed an orc high priest
 13789 | Orc:1    | Bought a potion of berserk rage for 60 gold pieces
 13789 | Orc:1    | Bought a potion of heal wounds for 60 gold pieces
 13789 | Orc:1    | Bought a potion of curing for 36 gold pieces
 13789 | Orc:1    | Bought a potion of curing for 36 gold pieces
 13789 | Orc:1    | Bought a potion of curing for 36 gold pieces
 13789 | Orc:1    | Bought a potion of heal wounds for 60 gold pieces
 13789 | Orc:1    | Bought a potion of heal wounds for 60 gold pieces
 13789 | Orc:1    | Bought a potion of heal wounds for 60 gold pieces
 13843 | Orc:1    | Found Esioschoa's Food Shop.
 13924 | Orc:1    | Found Ybiepn's Weapon Emporium.
 13933 | Orc:1    | Found Qiem's General Store.
 13954 | Orc:1    | Bought a scroll of identify for 32 gold pieces
 14065 | Orc:1    | Found a bloodstained altar of Trog.
 14091 | Orc:2    | Entered Level 2 of the Orcish Mines
 14159 | Orc:2    | Noticed an orc high priest
 14186 | Orc:2    | Noticed a sixfirhy
 14186 | Orc:2    | Killed an orc high priest
 14427 | Orc:2    | Noticed an orc knight
 14454 | Orc:2    | Killed an orc knight
 14459 | Orc:2    | Noticed an orc knight
 14460 | Orc:2    | Noticed Saint Roka
 14492 | Orc:2    | Killed an orc knight
 14519 | Orc:2    | Gained mutation: When hurt, damage is shared between your
                  | health and your magic reserves. [demonic ancestry]
 14519 | Orc:2    | Reached XP level 12. HP: 67/93 MP: 9/14
 14671 | Orc:2    | Found a roughly hewn altar of Beogh.
 14679 | Orc:2    | HP: 1/94 [orc knight/+1 halberd (18)]
 14679 | Orc:2    | Mangled by an orc warrior

Vault maps used:
D:1:      lightli_arrival_maybe_door_vault, serial_co_window_serial,
          co_window_paths_b, co_window_corner_a, co_window_corner_a,
          co_window_paths_b, co_window_paths_a, co_window_2corner,
          co_window_2corner, co_window_unsneaky_path_c, co_window_corner_b,
          co_window_4corner_b, glass_columns_b, glass_columns_b, glass_columns_c
D:2:      uniq_robin
D:3:      first_ration, uniq_sigmund, uniq_ijyb
D:4:      kennysheep_mini, nicolae_ossuary_entry_ruins,
          nicolae_tso_besieged_by_evil, uniq_eustachio, uniq_crazy_yiuf_cottage
D:5:      minmay_temple_entry_enclosed_plants, portal_sewer_entry_e,
          uniq_grinder
D:6:      corexii_shack_village, kennysheep_path_1
D:8:      basic_altar
D:9:      grunt_ogre_cave, st_stairs_7, trog_hazing_becter
D:10:     dpeg_oklobed_lair, serial_shops, shop, uniq_harold
D:11:     dragon1_lemuel, orc_0_dummy, special_room, uniq_psyche
Temple:   kilobyte_greek_temple
Orc:1:    serial_shops, nicolae_shop_trees, shop, nicolae_shop_stone,
          nicolae_shop_crystal, shop, trog_book
Orc:2:    grunt_orc_cross

Skill      XL: |  1  2  3  4  5  6  7  8  9 10 11 |
---------------+----------------------------------+-----
Shields        | 3 4 5 7 9 |  9.1
Axes           | 2 3 4 5 7 8 10 11 | 11.8
Armour         | 3 4 5 6 7 8 |  8.5
Fighting       | 4 5 7 8 |  8.3
Dodging        | 1 2 |  2.1
Invocations    | 1 |  1.9
Stealth        | 1 |  1.1

Action                   |  1- 3 |  4- 6 |  7- 9 | 10-12 || total
-------------------------+-------+-------+-------+-------++-------
Melee: War axe           |   171 |   292 |   512 |   456 ||  1431
       Headbutt          |       |       |    34 |   138 ||   172
       Unarmed           |       |       |     1 |       ||     1
       Kick              |       |       |    56 |   102 ||   158
       Hand axe          |       |       |       |   204 ||   204
Invok: Heroism           |       |       |     2 |    13 ||    15
       Finesse           |       |       |       |     1 ||     1
 Abil: Stop Flying       |       |       |       |     1 ||     1
  Use: Potion            |     1 |     4 |     2 |       ||     7
       Scroll            |       |     3 |     5 |     9 ||    17
  Eat: Chunk             |     2 |     8 |    18 |    27 ||    55
       Ration            |       |       |     1 |       ||     1
Armor: Plate armour      |   145 |   235 |   349 |   321 ||  1050
       Scale mail        |     4 |       |       |       ||     4
Dodge: Dodged            |    21 |    29 |    81 |   135 ||   266
Block: Shield            |    95 |   140 |   274 |   352 ||   861

Table legend:
 A = Non-vault XP
 B = Vault XP
 C = Vault XP percentage of total XP
 D = Non-vault monster count
 E = Vault monster count
 F = Vault count percentage of total count
                 A         B        C        D         E       F
            +---------+---------+-------+---------+---------+-------
      Total |   14451 |    9357 |  39.3 |     257 |      85 |  24.9
            +---------+---------+-------+---------+---------+-------
        D:1 |      24 |       0 |   0.0 |      14 |       0 |   0.0
        D:2 |      80 |      35 |  30.4 |      23 |      11 |  32.4
        D:3 |      61 |     259 |  80.9 |      19 |       2 |   9.5
        D:4 |     759 |     292 |  27.8 |      22 |      13 |  37.1
        D:5 |     442 |     281 |  38.9 |      21 |       1 |   4.5
        D:6 |     519 |      15 |   2.8 |      18 |       7 |  28.0
        D:7 |     947 |       0 |   0.0 |      15 |       0 |   0.0
        D:8 |    1894 |       0 |   0.0 |      34 |       0 |   0.0
        D:9 |     559 |     257 |  31.5 |       6 |       9 |  60.0
       D:10 |    1462 |     970 |  39.9 |      14 |       1 |   6.7
       D:11 |    3757 |    2666 |  41.5 |      23 |      17 |  42.5
      Orc:1 |    3364 |       0 |   0.0 |      38 |       0 |   0.0
      Orc:2 |     583 |    4582 |  88.7 |      10 |      24 |  70.6
            +---------+---------+-------+---------+---------+-------
